 Dungeon Crawl Stone Soup version 0.23.2-1-ga50397a6bc (console) character file.

Game seed: 3832721128862114313

218 Dragon00 the Chopper (level 5, -7/47 HPs)
             Began as a Minotaur Berserker on May 9, 2019.
             Was a Priest of Trog.
             Mangled by a wight
             ... wielding a cursed +4 long sword
              (10 damage)
             ... on level 4 of the Dungeon on May 10, 2019.
             The game lasted 00:28:55 (2289 turns).

Dragon00 the Chopper (Minotaur Berserker)           Turns: 2289, Time: 00:28:56

Health: -7/47      AC:  5    Str: 23    XL:     5   Next: 63%
Magic:  4/4        EV:  9    Int:  4    God:    Trog [***...]
Gold:   207        SH:  7    Dex:  9    Spells: 4/4 levels left

rFire    . . .     SeeInvis .   a - +1 hand axe
rCold    . . .     Gourm    .   j - +0 shield
rNeg     . . .     Faith    .   e - +0 ring mail
rPois    .         Spirit   .   (helmet restricted)
rElec    .         Reflect  .   (no cloak)
rCorr    .         Harm     .   (no gloves)
MR       .....                  (no boots)
Stlth    ..........             (no amulet)
HPRegen  0.15/turn              (no ring)
MPRegen  0.09/turn              (no ring)

@: drained
A: retaliatory headbutt, horns 2
a: Berserk, Trog's Hand, Renounce Religion


You were on level 4 of the Dungeon.
You worshipped Trog.
Trog was most pleased with you.
You were not hungry.

You visited 1 branch of the dungeon, and saw 4 of its levels.

You collected 207 gold pieces.

Inventory:

Hand Weapons
 a - a +1 hand axe (weapon)
Armour
 e - a +0 ring mail (worn)
 j - a +0 shield (worn)
Wands
 d - a wand of polymorph (5)
 f - a wand of flame (17)
Scrolls
 g - 4 scrolls of identify
 i - 2 scrolls of remove curse
 k - 2 scrolls of blinking
 l - a scroll of teleportation
 m - a scroll of amnesia
Comestibles
 b - 5 chunks of flesh
 c - 6 rations


   Skills:
 + Level 4.9(4.3) Fighting
 + Level 5.0(4.3) Axes
 + Level 4.2(3.5) Armour
 + Level 3.6(3.0) Dodging
 + Level 0.0 Shields


You had 4 spell levels left.
You didn't know any spells.
Your spell library was empty.

Dungeon Overview and Level Annotations

Branches:
Dungeon (4/15)
 Temple: D:4-7

Altars:
Qazlal


Innate Abilities, Weirdness & Mutations

You reflexively headbutt those who attack you in melee.
You have a pair of horns on your head.


Message History

Your life force is drained.
Your movement speed is average.
Your attack speed is below average (and is slowed by your insufficient shield skill).
Describe a (M)onster, (S)pell, s(K)ill, (A)bility, (C)ard, (I)tem, (F)eature, (G)od, (B)ranch, c(L)oud or s(T)atus?
Describe a status; partial names and regexps are fine.
Describe what? drain Describe a (M)onster, (S)pell, s(K)ill, (A)bility, (C)ard, (I)tem, (F)eature, (G)od, (B)ranch, c(L)oud or s(T)atus?
Describe a monster; partial names and regexps are fine.
Enter a single letter to list monsters displayed by that symbol.
Describe what?
Okay, then.
Describe a (M)onster, (S)pell, s(K)ill, (A)bility, (C)ard, (I)tem, (F)eature, (G)od, (B)ranch, c(L)oud or s(T)atus?
Okay, then.
Press: ? - help, v - describe, . - travel
Here: a wight, wielding a +4 long sword and wearing a +0 robe (moderately damaged)
The floor.
You hit the wight. Your headbutt misses the wight.
The wight is heavily damaged.
The wight hits you with a cursed +4 long sword!
* * * LOW HITPOINT WARNING * * *
As you read the scroll of fear, it crumbles to dust.
You assume a fearsome visage.
The wight is unaffected.
The wight hits you with a cursed +4 long sword!
You die...

............
..........##
<.....##### ......#
......# >..#### ..##
######## .##
.......## .# #z@# .#
. #รท## .# ...
####.# .#.....#
##.#.## .......#
##.#.#.# ##.....#
#.######
##.....#..##.#.#.###
.......##..........#
..<.....##########.#


You could see a wight.

Vanquished Creatures
  A howler monkey (D:4)
  2 worker ants (D:4)
  Robin (D:2)
  6 adders
  2 worms (D:2)
  An orc (D:3)
  3 giant cockroaches
  18 goblins
  8 hobgoblins
  5 kobolds
  A quokka (D:4)
  10 bats
  5 frilled lizards
  A leopard gecko skeleton (D:4)
  5 rats
69 creatures vanquished.

Notes
Turn   | Place    | Note
-------+----------+-------------------------------------------
     0 | D:1      | Dragon00 the Minotaur Berserker began the quest for the
                  | Orb.
     0 | D:1      | Reached XP level 1. HP: 19/19 MP: 0/0
   197 | D:1      | Reached XP level 2. HP: 27/27 MP: 1/1
   754 | D:2      | Noticed Robin
   758 | D:1      | Reached ** piety under Trog
   762 | D:2      | Reached skill level 4 in Axes
   767 | D:2      | Reached XP level 3. HP: 33/33 MP: 2/2
   774 | D:2      | Killed Robin
   780 | D:2      | Reached XP level 4. HP: 27/41 MP: 3/3
   926 | D:2      | Found a stormy altar of Qazlal.
  1549 | D:3      | Reached *** piety under Trog
  2074 | D:4      | Reached XP level 5. HP: 47/47 MP: 4/4
  2247 | D:4      | Reached skill level 5 in Axes
  2289 | D:4      | Mangled by a wight

Skill      XL: |  1  2  3  4  5 |
---------------+----------------+-----
Fighting       | 4 |  4.9
Axes           | 4 5 |  5.0
Armour         | 3 4 |  4.2
Dodging        | 3 |  3.6

Action                   |  1- 3 |  4- 6 || total
-------------------------+-------+-------++-------
Melee: Hand axe          |    51 |    80 ||   131
       Headbutt          |     7 |    12 ||    19
Invok: Berserk           |     2 |       ||     2
  Use: Scroll            |     2 |     7 ||     9
       Potion            |     1 |     3 ||     4
  Eat: Chunk             |       |     6 ||     6
Armor: Animal skin       |     8 |       ||     8
       Ring mail         |     8 |    20 ||    28
Dodge: Dodged            |    34 |    33 ||    67
Block: Shield            |       |    11 ||    11
